 Dungeon Crawl Stone Soup version 0.27-a0-1081-ge8a0a9c698 (webtiles) character file.

Game seed: 1195775217229682649

13 shoop the Shooter (level 2, 18/22 HPs)
             Began as a Demonspawn Hunter on Apr 25, 2021.
             Got out of the dungeon alive.
             The game lasted 00:01:10 (1004 turns).

shoop the Shooter (Demonspawn Hunter)               Turns: 1004, Time: 00:01:10

Health: 18/22      AC:  3    Str: 12    XL:     2   Next: 24%
Magic:  2/2        EV: 11    Int: 12    God:
Gold:   61         SH:  0    Dex: 13    Spells: 1/1 levels left

rFire    . . .     SeeInvis .   b - +0 short sword
rCold    . . .     Faith    .   (no shield)
rNeg     . . .     Spirit   .   c - +0 leather armour
rPois    .         Reflect  .   (no helmet)
rElec    .         Harm     .   (no cloak)
rCorr    .         Rampage  .   (no gloves)
Will     .....                  (no boots)
Stlth    ++........             (no amulet)
HPRegen  0.07/turn              (no ring)
MPRegen  0.08/turn              (no ring)

@: no status effects
A: demonic magic 1
a: no special abilities


You escaped.
You visited 1 branch of the dungeon, and saw 1 of its levels.

You collected 61 gold pieces.

Inventory:

Hand Weapons
 a - a +1 shortbow
 b - a +0 short sword (weapon)
Missiles
 d - 22 arrows
Armour
 c - a +0 leather armour (worn)
Scrolls
 e - a scroll of amnesia {unknown}
 g - 4 scrolls of identify {unknown}
 h - a scroll of teleportation {unknown}
Potions
 f - a potion of degeneration {unknown}


   Skills:
 + Level 2.2 Fighting
 + Level 3.7 Bows
 - Level 2.0 Dodging
 * Level 1.5 Stealth


You had one spell level left.
You didn't know any spells.
Your spell library was empty.

Dungeon Overview and Level Annotations

Branches:
Dungeon (1/15)

Altars:


Innate Abilities, Weirdness & Mutations

Spells you cast may paralyse adjacent enemies.


Message History

The endoplasm freezes you.
You are frozen.
You hit the endoplasm.
The endoplasm is almost dead.
The endoplasm misses you.
You hit the endoplasm.
You kill the endoplasm!
Training target 2.0 for Dodging reached!
Your Dodging skill increases to level 2!
No target in view!
Found a spear.
g - 4 scrolls labelled GYMMEC PUTE (gained 3)
A quokka comes into view.
The helpless quokka fails to defend itself.
You hit the quokka.
The quokka is heavily wounded.
The quokka barely misses you. The quokka closely misses you.
You hit the quokka.
The quokka is severely wounded.
The quokka bites you but does no damage.
You hit the quokka.
You kill the quokka!
No target in view!
Found a stone staircase leading down.
There is a stone staircase leading down here.
You see here 13 bolts.
A rat comes into view.
The rat bites you.
You hit the rat.
The rat is heavily wounded.
The rat bites you.
You barely miss the rat.
The rat is heavily wounded.
The rat bites you.
You hit the rat.
You kill the rat!
No target in view!
There is a staircase leading out of the dungeon here.
Are you sure you want to leave the Dungeon?
This will make you lose the game!
You have escaped!

##########........#
#..#####.# #..# #.#
#..# #.#### ####.#
#....#
#....#####.##.#
#.##.......##.#
#.#####.#.###.# #.#
#.#@# #.# ##.#
#.### #.# #..# #.#
#.# #.## ##.# #.#
#.# #..# ###.### #
#.# #.## #.....# #
#.# #.# #.###.## #
#.# #(# #.# #..# #
#.# #.# #.###..#


There were no monsters in sight!

Vanquished Creatures
  2 endoplasms (D:1)
  2 hobgoblins (D:1)
  A quokka (D:1)
  4 ball pythons (D:1)
  2 rats (D:1)
11 creatures vanquished.

Notes
Turn   | Place    | Note
-------+----------+-------------------------------------------
     0 | D:1      | shoop the Demonspawn Hunter began the quest for the Orb.
     0 | D:1      | Reached XP level 1. HP: 16/16 MP: 1/1
   143 | D:1      | Reached skill level 1 in Stealth
   682 | D:1      | Gained mutation: Spells you cast may paralyse adjacent
                  | enemies. [demonic ancestry]
   682 | D:1      | Reached XP level 2. HP: 20/22 MP: 2/2
  1004 | D:$      | Got out of the dungeon alive.

Illustrated notes

Levels and vault maps discovered:
D:1:      dpeg_arrival_tiny_a, layout_loops_ring

Skill      XL: |  1  2 |
---------------+-------+-----
Stealth        | 1 |  1.5
Dodging        | 2 |  2.0
Fighting       | |  2.2
Bows           | |  3.7

Action                   || total
-------------------------++-------
Melee: Short sword       ||    38
 Stab: Sleeping          ||     2
Armor: Leather armour    ||     8
Dodge: Dodged            ||    20

Table legend: (Time is in decaauts)
 A = Elapsed time spent in this place.
 B = Non-inter-level travel time spent in this place.
 C = Inter-level travel time spent in this place.
 D = Time resting spent in this place.
 E = Time spent auto-exploring this place.
 F = Levels seen in this place.
 G = Mean time per level.
                   A        B        C        D        E       F      G
               +--------+--------+--------+--------+--------+-----+--------+
         Total |   1007 |    968 |     39 |      0 |    863 |   1 | 1007.0 |
       Dungeon |   1007 |    968 |     39 |      0 |    863 |   1 | 1007.0 |
               +--------+--------+--------+--------+--------+-----+--------+

Top non-repeatable levels by time:
     D:1: 1007 daAuts
